 Dungeon Crawl Stone Soup version 0.31-a0-1620-gcbf77bbcfc (webtiles) character file.

Game seed: 4561358158441583926

711 Ge0ff the Changeling (level 7, -4/52 HPs)
             Began as a Merfolk Shapeshifter on Jan 10, 2024.
             Was an Initiate of Nemelex Xobeh.
             Slain by Duvessa
             ... wielding a +2 short sword of venom
              (7 damage)
             ... on level 4 of the Dungeon.
             The game lasted 00:07:47 (4116 turns).

Ge0ff the Changeling (Merfolk Shapeshifter)         Turns: 4116, Time: 00:07:48

Health: -4/52      AC:  3    Str: 17    XL:     7   Next: 68%
Magic:  7/7        EV: 16    Int:  9    God:    Nemelex Xobeh [......]
Gold:   107        SH:  0    Dex: 13    Spells: 6/6 levels left

rFire   . .          .
                       - Unarmed
rCold   . . .        Q - melded +2 buckler
rNeg    . . .        a - melded +0 animal skin
rPois   .            (no helmet)
rElec   .            W - +2 cloak
rCorr   .            (no gloves)
SInv    .            (no boots)
Will    .....        P - amulet of faith
Stlth   +            (no ring)
HPRegen 0.28/turn    (no ring)
MPRegen 0.10/turn

%: faith
@: lethally poisoned (-4 -> -13), flux-form, glowing
A: glow, contaminating, (nimble swimmer 2), mertail
a: Begin Untransformation, Renounce Religion, Draw Escape, Draw Destruction,
Draw Summoning


You were on level 4 of the Dungeon.
You worshipped Nemelex Xobeh.
Nemelex Xobeh was noncommittal.
You were something dangerously unstable.
You visited 1 branch of the dungeon, and saw 4 of its levels.

You collected 167 gold pieces.
You spent 60 gold pieces at shops.

Inventory:

Hand Weapons
 O - a +3 whip of venom
 U - a +2 falchion of protection
Missiles
 J - 2 javelins
 K - a boomerang
 N - 29 stones (quivered)
Armour
 a - a +0 animal skin (melded)
 L - the +6 plate armour "Mackuk" {rCorr Stlth+}
   (You took it off a gnoll on level 4 of the Dungeon)

   rCorr:     It protects you from acid and corrosion.
   Stlth+:    It makes you more stealthy.
 Q - a +2 buckler (melded)
 W - a +2 cloak (worn)
 Y - a scarf of resistance
Jewellery
 P - an amulet of faith (around neck)
 V - a ring of wizardry
Talismans
 c - a beast talisman
 d - a flux talisman (active)
Scrolls
 y - a scroll of immolation
 I - a scroll of vulnerability {unknown}
 M - a scroll of fog {unknown}
 R - a scroll of amnesia {unknown}
 S - a scroll of enchant weapon
 T - a scroll of teleportation
 X - a scroll of brand weapon {unknown}
 Z - a scroll of blinking {unknown}
Potions
 z - a potion of brilliance


   Skills:
 + Level 3.1 Fighting
 + Level 2.8 Dodging
 + Level 0.5 Stealth
 - Level 1.0 Shields
 + Level 7.0 Unarmed Combat
 + Level 0.4 Invocations
 + Level 7.0 Shapeshifting


You had 6 spell levels left.
You didn't know any spells.
Your spell library contained the following spells:

 Spells                   Type           Power      Damage    Failure   Level
 Animate Dead             Necr           0%         N/A       99%         4
 Borgnjor's Vile Clutch   Necr/Erth      0%         N/A       100%        5
 Death Channel            Necr           0%         N/A       100%        6


Dungeon Overview and Level Annotations

Branches:
Dungeon (4/15) Zot: 19907
 Temple: D:4-7

Altars:
Nemelex Xobeh
Okawaru

Shops:
D:1 =[*

Annotations:
D:4 Dowan, Duvessa


Innate Abilities, Weirdness & Mutations

You are something dangerously unstable.
You glow with magical radiation, making you easy to see and hit.
Foes you strike become dangerously contaminated with magical radiation.
You are incapable of wielding weapons or throwing items.
((You are very nimble when in or above water. (Stealth+, EV+, Speed+++)))
Your lower body shifts to a powerful aquatic tail in water.


Message History

You completely miss Duvessa.
Duvessa is lightly wounded.
You feel very sick. Duvessa misses you.
You hit Duvessa.
Duvessa shudders as magic cascades through her.
Duvessa twists and deforms.
Duvessa is moderately wounded.
You feel very sick.
Duvessa hits you with a +2 short sword of venom!
You are lethally poisoned!
You barely miss Duvessa.
Duvessa is moderately wounded.
You feel very sick. Duvessa says, "Did you see that move?
Perfect!"
Duvessa barely misses you.
You hit Duvessa but do no damage.
Duvessa begins to glow.
Duvessa is moderately wounded.
You feel very sick. Duvessa barely misses you. Duvessa closely misses you.
You barely miss Duvessa.
Duvessa is moderately wounded.
* * * LOW HITPOINT WARNING * * *
You feel very sick. Duvessa misses you.
You hit Duvessa.
Duvessa glows dangerously bright.
Duvessa is moderately wounded.
* * * LOW HITPOINT WARNING * * *
You feel sick. Duvessa misses you.
You hit Duvessa.
Duvessa shudders as magic cascades through her!
Duvessa twists and deforms.
Duvessa is heavily wounded.
* * * LOW HITPOINT WARNING * * *
You feel very sick. Duvessa barely misses you.
Duvessa hits you with a +2 short sword of venom.
* * * LOW HITPOINT WARNING * * *
You are more poisoned.
You feel better.
Duvessa says, "Practise, practise, practise!
One day you'll be as good as me."
Duvessa hits you with a +2 short sword of venom!
* * * LOW HITPOINT WARNING * * *
You are lethally poisoned!
You hit Duvessa.
Duvessa begins to glow.
Duvessa is severely wounded.
* * * LOW HITPOINT WARNING * * *
You feel very sick.
Duvessa hits you with a +2 short sword of venom!
You die...

#.#.# #.#.#
#.#.# #.#.#
#.#.#####.# .
#.#.......# ..
#.############
.#.
#............#
#.##########.#
.############.#
.....eep......#
###############


You could see Duvessa (fast, contam, misshapen) and Dowan.

Vanquished Creatures
  A water moccasin (D:4)
  An ogre (D:4)
  A scorpion (D:4)
  The ghost of iamserjio the Firebug, a weakling TeFE (D:3)
  2 orc priests (D:4)
  A gnoll bouda (D:3)
  A hound (D:4)
  Terence (D:2)
  Jessica (D:2)
  3 orc wizards
  8 gnolls
  4 adders
  2 dart slugs
  7 orcs
  12 ball pythons
  4 endoplasms
  3 giant cockroaches
  2 goblins (D:1)
  8 hobgoblins
  7 jackals
  6 kobolds
  A quokka (D:2)
  3 bats
  A frilled lizard (D:1)
  5 rats
86 creatures vanquished.

Notes
Turn   | Place    | Note
-------+----------+-------------------------------------------
     0 | D:1      | Ge0ff the Merfolk Shapeshifter began the quest for the Orb.
     0 | D:1      | Reached XP level 1. HP: 15/15 MP: 1/1
    91 | D:1      | Reached XP level 2. HP: 19/21 MP: 2/2
   138 | D:1      | Found Ibihij's General Store.
   399 | D:1      | Found Yrirch Jopt's Armour Boutique.
   576 | D:1      | Reached XP level 3. HP: 27/27 MP: 3/3
   586 | D:1      | Found Guobru's Jewellery Boutique.
   874 | D:2      | Noticed Terence
   894 | D:2      | Killed Terence
   895 | D:2      | Reached XP level 4. HP: 18/34 MP: 4/4
   900 | D:2      | Noticed Jessica
   903 | D:2      | Killed Jessica
  1271 | D:2      | Reached skill level 5 in Shapeshifting
  1706 | D:2      | Reached XP level 5. HP: 25/41 MP: 5/5
  1774 | D:3      | Reached skill level 1 in Shields
  1936 | D:1      | Bought 3 scrolls of noise for 30 gold pieces
  1936 | D:1      | Bought a potion of curing for 30 gold pieces
  2014 | D:3      | Found an iron altar of Okawaru.
  2168 | D:3      | Found a runed translucent door.
  2176 | D:3      | Noticed iamserjio's ghost (weakling TeFE)
  2265 | D:3      | Reached skill level 5 in Unarmed Combat
  2327 | D:3      | Reached XP level 6. HP: 40/47 MP: 6/6
  3064 | D:3      | Killed iamserjio's ghost
  3331 | D:4      | Identified the +6 plate armour "Mackuk" {rCorr Stlth+}
  3396 | D:4      | Reached XP level 7. HP: 24/52 MP: 7/7
  3501 | D:4      | Found a sparkling altar of Nemelex Xobeh.
  3669 | D:4      | Became a worshipper of Nemelex Xobeh the Trickster
  4101 | D:4      | Noticed Duvessa
  4102 | D:4      | Noticed Dowan
  4116 | D:4      | Slain by Duvessa

Illustrated notes

Levels and vault maps discovered:
D:1:      dpeg_arrival_castle, layout_basic, serial_shops, shop,
          nicolae_shop_hallway_plus, nicolae_shop_waterfront
D:2:      layout_basic, uniq_jessica, uniq_terence
D:3:      layout_basic, mainiacjoe_overflow_alcove_2, ebering_ghost_inner_flame,
          kennysheep_generic_room_13
D:4:      layout_basic, lemuel_coloured_pillars_altar,
          mainiacjoe_overflow_six_doors_small, gammafunk_ghost_smash,
          uniq_duvessa

Skill      XL: |  1  2  3  4  5  6  7 |
---------------+----------------------+-----
Fighting       | 2 3 |  3.1
Unarmed Combat | 4 5 7 |  7.0
Shapeshifting  | 5 6 7 |  7.0
Shields        | 1 |  1.0
Dodging        | |  2.8
Stealth        | |  0.5
Invocations    | |  0.4

Action                     |  1- 3 |  4- 6 |  7- 9 || total
---------------------------+-------+-------+-------++-------
  Melee: Unarmed           |    50 |   143 |    62 ||   255
         Punch             |     2 |       |       ||     2
  Throw: Stone             |       |    20 |       ||    20
Ability: Begin Untransform |       |     1 |       ||     1
    Use: Potion            |     4 |       |     1 ||     5
         Scroll            |       |     5 |       ||     5
   Stab: Sleeping          |       |     1 |       ||     1
 Armour: Animal skin       |    19 |    36 |       ||    55
         Skin              |     2 |    14 |    20 ||    36
  Dodge: Dodged            |    24 |    64 |    42 ||   130
  Block: Buckler           |       |    31 |       ||    31
   Form: Beast             |       |     1 |       ||     1
         Flux              |       |     1 |       ||     1

Table legend: (Time is in decaauts)
 A = Elapsed time spent in this place.
 B = Non-inter-level travel time spent in this place.
 C = Inter-level travel time spent in this place.
 D = Time resting spent in this place.
 E = Time spent auto-exploring this place.
 F = Levels seen in this place.
 G = Mean time per level.
                   A        B        C        D        E       F      G
               +--------+--------+--------+--------+--------+-----+--------+
         Total |   4091 |   3908 |    183 |     70 |   3026 |   4 | 1022.8 |
       Dungeon |   4091 |   3908 |    183 |     70 |   3026 |   4 | 1022.8 |
               +--------+--------+--------+--------+--------+-----+--------+

Top non-repeatable levels by time:
     D:3: 1713 daAuts
     D:2: 912 daAuts
     D:1: 882 daAuts
     D:4: 582 daAuts
